 Dungeon Crawl Stone Soup version 0.18.1-50-g88ac8fd (webtiles) character file.

23 st0uf the Gusty (level 2, -5/18 HPs)
             Began as a High Elf Air Elementalist on Sept 18, 2016.
             Slain by a worker ant (6 damage)
             ... on level 4 of the Dungeon.
             The game lasted 00:05:42 (1065 turns).

st0uf the Gusty (High Elf Air Elementalist)         Turns: 1065, Time: 00:05:43

Health: -5/18      AC:  2    Str:  7    XL:     2   Next: 75%
Magic:  0/6        EV: 12    Int: 18    God:
Gold:   40         SH:  0    Dex: 15    Spells: 1 memorised, 5 levels left

rFire  . . .     SeeInvis .     (no weapon)
rCold  . . .     Gourm    .     a - +0 robe
rNeg   . . .     Faith    .     (no shield)
rPois  .         Spirit   .     (no helmet)
rElec  .         Dismiss  .     (no cloak)
rCorr  .         Reflect  .     (no gloves)
SustAt .         Harm     .     (no boots)
MR     .....                    (no amulet)
Stlth  ++........               (no ring)
                                i - ring of wizardry

@: lethally poisoned (-5 -> -22), very slightly contaminated, not resistant to
hostile enchantments, unstealthy
A: no striking features
a: no special abilities


You were on level 4 of the Dungeon.
You were hungry.

You visited 1 branch of the dungeon, and saw 3 of its levels.

You collected 40 gold pieces.

Inventory:

Armour
 a - a +0 robe (worn)
Jewellery
 i - a ring of wizardry (left hand)
Scrolls
 d - 2 scrolls of identify {unknown}
 g - a scroll of remove curse {unknown}
 h - a scroll of blinking {unknown}
 k - a scroll of immolation {unknown}
 l - a scroll of fog {unknown}
Potions
 e - a potion of lignification {unknown}
 f - a potion of brilliance {unknown}
 j - a potion of haste {unknown}
Books
 b - a book of Air

   Spells                             Type                      Level
   a - Shock                          Conjuration/Air              1
   b - Swiftness                      Charms/Air                   2
   c - Repel Missiles                 Charms/Air                   2
   d - Static Discharge               Conjuration/Air              3
   e - Lightning Bolt                 Conjuration/Air              5
Comestibles
 c - 2 bread rations


   Skills:
 + Level 0.8 Fighting
 + Level 0.5 Armour
 + Level 2.2 Dodging
 - Level 2.1 Stealth
 + Level 2.6 Spellcasting
 + Level 1.5 Conjurations
 + Level 4.1 Air Magic


You had 5 spell levels left.
You knew the following spells:

 Your Spells              Type           Power        Failure   Level  Hunger
a - Shock                 Conj/Air       ##..         2%          1    #......


Dungeon Overview and Level Annotations

Branches:
Dungeon (2/15)

Altars:
Vehumet
The Shining One


Message History

Aiming: Shock
Press: ? - help, Shift-Dir - straight line, f/p - worker ant
Aim: a worker ant (almost dead)
You miscast Shock.
You are very lightly contaminated with residual magic.
Nothing appears to happen.
You feel sick. The worker ant barely misses you.
Drink which item? (? for menu, Esc to quit)
Okay, then.
You hit the worker ant but do no damage.
The worker ant is almost dead.
You feel sick. The worker ant misses you. The worker ant bites you.
* * * LOW HITPOINT WARNING * * *
You are more poisoned.
The worker ant poisons you!
Unknown command.
You closely miss the worker ant.
The worker ant is almost dead.
* * * LOW HITPOINT WARNING * * *
You feel sick. The worker ant bites you.
You die...

..##...#.....
.#...........
#...#._.#....
#...........$.
#.../.#.......
#.............
#.......<.....
#.a.......<...
##@...........
##.......(..o
#######......##
........####..#
...##....# .#
#....# . #....#
.......
.##......


You could see a worker ant.

Vanquished Creatures
  2 giant geckos (D:1)
  3 giant cockroaches (D:1)
  A goblin (D:1)
  2 hobgoblins
  5 kobolds (D:1)
  A ball python (D:1)
  5 bats (D:1)
  A giant newt (D:1)
  A rat (D:1)
21 creatures vanquished.

Notes
Turn   | Place    | Note
--------------------------------------------------------------
     0 | D:1      | st0uf the High Elf Air Elementalist began the quest for the Orb.
     0 | D:1      | Reached XP level 1. HP: 11/11 MP: 4/4
   295 | D:1      | Reached skill level 4 in Air Magic
   295 | D:1      | Reached XP level 2. HP: 18/18 MP: 2/6
   470 | D:1      | Found a glowing golden altar of the Shining One.
  1049 | D:2      | You fall through a shaft for 2 floors!
  1052 | D:4      | Found a radiant altar of Vehumet.
  1065 | D:4      | Slain by a worker ant

Skill      XL: |  1 |
---------------+----+-----
Air Magic      | 4 |  4.1
Fighting       | |  0.8
Armour         | |  0.5
Dodging        | |  2.2
Stealth        | |  2.1
Spellcasting   | |  2.6
Conjurations   | |  1.5

Action                   || total
-------------------------++-------
Melee: Unarmed           ||     3
 Cast: Shock             ||    43
Armor: Robe              ||     2
Dodge: Dodged            ||     7
